 Dungeon Crawl Stone Soup version 0.25-a0-1079-g858b6a6ff6 (webtiles) character file.

Game seed: 1095254916541115699, levelgen mode: classic

294 Amnesiac the Cutter (level 6, -6/32 HPs)
             Began as a Vine Stalker Monk on May 16, 2020.
             Mangled by Dowan
             ... wielding a +5 antimagic dagger
              (8 damage)
             ... on level 4 of the Dungeon.
             The game lasted 00:04:40 (2525 turns).

Amnesiac the Cutter (Vine Stalker Monk)             Turns: 2525, Time: 00:04:40

Health: -6/32      AC:  9    Str: 15    XL:     6   Next: 34%
Magic:  0/7        EV: 13    Int: 10    God:
Gold:   169        SH:  0    Dex: 17    Spells: 5/5 levels left

rFire    + . .     SeeInvis .   a - +0 short sword
rCold    . . .     Gourm    .   (no shield)
rNeg     . . .     Faith    .   q - +2 robe {rF+}
rPois    .         Spirit   +   t - +2 hat
rElec    .         Reflect  .   o - +0 cloak
rCorr    .         Harm     .   n - +1 pair of gloves
MR       .....                  (no boots)
Stlth    +++.......             (no amulet)
HPRegen  0.50/turn              (no ring)
MPRegen  0.10/turn              (no ring)

@: no status effects
A: fangs 2, regeneration 1, magic shield, antimagic bite, no potion heal 3, rot
immunity
a: no special abilities


You were on level 4 of the Dungeon.
You were not hungry.

You visited 1 branch of the dungeon, and saw 4 of its levels.

You collected 169 gold pieces.

Inventory:

Hand Weapons
 a - a +0 short sword (weapon)
Missiles
 f - 7 poisoned darts
 u - 5 curare-tipped darts (quivered)
Armour
 l - a +0 scale mail
 n - a +1 pair of gloves (worn)
 o - a +0 cloak (worn)
 q - a +2 robe of fire resistance (worn)
 t - a +2 hat (worn)
Scrolls
 g - a scroll of magic mapping {!r, unknown}
 h - a scroll of teleportation {!r, unknown}
 i - 2 scrolls of random uselessness {!r, unknown}
 j - 2 scrolls of identify {!r, unknown}
 k - 2 scrolls of enchant armour {!r}
 m - a scroll of enchant weapon {!r, unknown}
 r - 3 scrolls of remove curse {!r, unknown}
 v - a scroll of immolation {!r, unknown}
Potions
 b - a potion of might {!q, unknown}
 d - 2 potions of mutation {!q, unknown}
 e - a potion of lignification {!q, unknown}
 s - 2 potions of haste {!q}
Comestibles
 c - 9 rations
 p - 8 chunks of flesh


   Skills:
 - Level 3.0 Fighting
 * Level 5.2 Short Blades
 - Level 2.5 Dodging
 + Level 5.0 Stealth


You had 5 spell levels left.
You didn't know any spells.
Your spell library was empty.

Dungeon Overview and Level Annotations

Branches:
Dungeon (4/15)
 Temple: D:4-7

Altars:
Vehumet

Annotations:
D:4 Dowan, Duvessa


Innate Abilities, Weirdness & Mutations

You have extremely sharp teeth.
Your natural rate of healing is unusually fast.
When hurt, damage is shared between your health and your magic reserves.
Your bite disrupts and absorbs the magic of your enemies.
Potions cannot restore your health.
You are immune to rotting.


Message History

You hit Duvessa but do no damage.
Duvessa is severely wounded.
Duvessa hits you with a +0 rapier.
You hit Duvessa but do no damage.
Duvessa is severely wounded.
Duvessa barely misses you.
You completely miss Duvessa. You bite Duvessa, but do no damage.
Duvessa is severely wounded.
Duvessa closely misses you.
Quiver which item? (- for none, * to show all) (? for menu, Esc to quit)
Quivering
u - 6 curare-tipped darts for throwing.
You hit Duvessa. You bite Duvessa, but do no damage.
Duvessa is almost dead.
You hit Duvessa but do no damage. You bite Duvessa, but do no damage.
Duvessa is almost dead.
Duvessa hits you with a +0 rapier.
Dowan points at Duvessa and mumbles some strange words.
Duvessa seems to speed up.
You hit Duvessa but do no damage.
Duvessa is almost dead.
Duvessa hits you with a +0 rapier!
You closely miss Duvessa.
Duvessa is almost dead.
Duvessa hits you with a +0 rapier!
* * * LOW HITPOINT WARNING * * *
You hit Duvessa but do no damage.
Duvessa is almost dead.
Duvessa misses you.
You hit Duvessa but do no damage.
Duvessa is almost dead.
Duvessa hits you with a +0 rapier.
* * * LOW HITPOINT WARNING * * *
Dowan mumbles some strange words.
Dowan blinks!
Duvessa closely misses you.
Throwing (i - inventory. (/) - cycle)
u - 6 curare-tipped darts (quivered)
Press: ? - help, Shift-Dir - straight line, f - Dowan, p - Duvessa
Aim: Dowan, wielding a +5 antimagic dagger and wearing a +0 robe You throw a curare-tipped dart.
The curare-tipped dart hits Dowan.
Dowan is poisoned.
Dowan convulses.
Dowan seems to slow down.
Dowan is moderately wounded.
Duvessa hits you with a +0 rapier!
* * * LOW HITPOINT WARNING * * *
You hit Duvessa but do no damage. You bite Duvessa, but do no damage.
Duvessa is almost dead.
Duvessa hits you with a +0 rapier.
* * * LOW HITPOINT WARNING * * *
You barely miss Duvessa.
Duvessa is almost dead.
Duvessa hits you but does no damage. Dowan gestures at you while chanting.
The puff of flame hits you. You resist.
* * * LOW HITPOINT WARNING * * *
Okay, then.
You hit Duvessa but do no damage. You bite Duvessa, but do no damage.
Duvessa is almost dead.
Duvessa hits you but does no damage.
You hit Duvessa but do no damage.
Duvessa is almost dead.
Duvessa says, "Where magic fails, the sword succeeds!"
Duvessa hits you with a +0 rapier.
* * * LOW HITPOINT WARNING * * *
Dowan says, "Stay away from my face!"
Dowan hits you with a +5 antimagic dagger!
You die...

#############
.....(e@eZ..#
###########.#
#(((......#.#
#.....#Z#
##.##..#.#######.
#.................
#.#.##...########.
..<.........
###.#.##.#####


You could see Duvessa (fast), Dowan (very poisoned, slow) and an adder skeleton.

Vanquished Creatures
  An ogre (D:3)
  A centaur skeleton (D:4)
  Jessica (D:2)
  4 gnolls
  3 adders
  2 worms (D:2)
  5 dart slugs
  4 leopard geckos
  4 orcs (D:2)
  9 bats
  3 giant cockroaches
  4 goblins
  5 hobgoblins
  7 jackals
  A quokka (D:2)
  2 ball pythons
  4 frilled lizards
  4 kobolds
  9 rats
73 creatures vanquished.

Notes
Turn   | Place    | Note
-------+----------+-------------------------------------------
     0 | D:1      | Amnesiac the Vine Stalker Monk began the quest for the Orb.
     0 | D:1      | Reached XP level 1. HP: 11/11 MP: 2/2
   190 | D:1      | Reached XP level 2. HP: 14/16 MP: 1/3
   432 | D:1      | Reached XP level 3. HP: 7/19 MP: 4/4
  1021 | D:3      | Noticed an ogre
  1028 | D:3      | HP: 1/20 [ogre/+0 giant club (19)]
  1441 | D:2      | Gained mutation: Your natural rate of healing is unusually
                  | fast. [Vine Stalker growth]
  1441 | D:2      | Reached XP level 4. HP: 19/24 MP: 5/5
  1493 | D:2      | Found a radiant altar of Vehumet.
  1572 | D:2      | Noticed Jessica
  1582 | D:2      | Killed Jessica
  1975 | D:2      | Reached XP level 5. HP: 20/28 MP: 4/6
  2355 | D:3      | Killed an ogre
  2355 | D:3      | Reached skill level 5 in Short Blades
  2355 | D:3      | Reached XP level 6. HP: 15/32 MP: 3/7
  2474 | D:3      | You fall into a shaft and drop 1 floor!
  2475 | D:4      | Noticed Duvessa
  2475 | D:4      | Noticed Dowan
  2507 | D:4      | Reached skill level 5 in Stealth
  2525 | D:4      | Mangled by Dowan

Illustrated notes

Levels and vault maps discovered:
D:1:      dpeg_arrival_orchard, layout_loops_corners, minmay_small_reverse_x
D:2:      layout_basic, vehumet_crystals, minmay_misc_feat_chi, wad_orctagon,
          uniq_jessica
D:3:      layout_rooms
D:4:      kennysheep_goblin_castle, layout_basic, lemuel_coloured_pillars_altar,
          first_ration, uniq_duvessa, uniq_edmund

Skill      XL: |  1  2  3  4  5  6 |
---------------+-------------------+-----
Short Blades   | 3 4 5 |  5.2
Stealth        | 3 4 5 |  5.0
Fighting       | 3 |  3.0
Dodging        | |  2.5

Action                   |  1- 3 |  4- 6 || total
-------------------------+-------+-------++-------
Melee: Short sword       |   113 |   129 ||   242
       Bite              |    26 |    56 ||    82
Throw: Dart              |    15 |    93 ||   108
  Use: Scroll            |       |     1 ||     1
 Stab: Sleeping          |     3 |       ||     3
  Eat: Chunk             |     2 |     3 ||     5
Armor: Robe              |     5 |    35 ||    40
       Scale mail        |    40 |     5 ||    45
Dodge: Dodged            |    56 |    64 ||   120

Table legend:
 A = Non-vault XP
 B = Vault XP
 C = Vault XP percentage of total XP
 D = Non-vault monster count
 E = Vault monster count
 F = Vault count percentage of total count
                 A         B        C        D         E       F
            +---------+---------+-------+---------+---------+-------
      Total |     362 |      59 |  14.0 |      64 |       9 |  12.3
            +---------+---------+-------+---------+---------+-------
        D:1 |      43 |      10 |  18.9 |      21 |       4 |  16.0
        D:2 |      61 |      49 |  44.5 |      18 |       5 |  21.7
        D:3 |     218 |       0 |   0.0 |      24 |       0 |   0.0
        D:4 |      40 |       0 |   0.0 |       1 |       0 |   0.0
            +---------+---------+-------+---------+---------+-------
